 Dungeon Crawl Stone Soup version 0.29-a0-330-g52719c12eb (webtiles) character file.

Game seed: 11746567764397281349

42639 sokol815 the Covert (level 14, -22/100 HPs)
             Began as a Human Fighter on Apr 13, 2022.
             Was a Believer of Uskayaw.
             Annihilated by a reaper
             ... wielding a +1 scythe of freezing
              (45 damage)
             ... in an ice cave.
             The game lasted 01:13:07 (15681 turns).

sokol815 the Covert (Human Fighter)                Turns: 15681, Time: 01:13:08

Health: -22/100    AC: 14    Str: 25    XL:     14   Next: 56%
Magic:  20/20      EV: 13    Int: 19    God:    Uskayaw [**....]
Gold:   365        SH:  5    Dex:  9    Spells: 13/13 levels left

rFire   . . .      SeeInvis .   a - +5 short sword (elec)
rCold   + + +      Faith    .   T - +0 buckler
rNeg    . . .      Spirit   .   F - +0 ring mail {rC+}
rPois   +          Reflect  .   f - +1 helmet
rElec   .          Harm     .   y - +1 cloak {rC+}
rCorr   .          Rampage  .   l - +0 pair of gloves
Will    +....                   z - +0 pair of boots
Stlth   ++++......              g - amulet of regeneration
HPRegen 1.06/turn               C - ring of protection from cold {rC+, !d}
MPRegen 0.17/turn               I - ring "Joicoa" {rPois Str+8 Int+6 Dex-4}

@: hasted, very quick
A: no striking features
a: Renounce Religion, Stomp, Line Pass


You were in an ice cave.
You worshipped Uskayaw.
Uskayaw was aware of your devotion.
You visited 2 branches of the dungeon, and saw 15 of its levels.
You visited the Abyss 1 time.
You also visited: Sewer, Bailey and Ice Cave.

You collected 1302 gold pieces.
You spent 937 gold pieces at shops.

Inventory:

Hand Weapons
 a - a +5 short sword of electrocution (weapon)
   (You found it on level 1 of the Dungeon)
 b - a +2 short sword of speed
   (You took it off a kobold brigand on level 7 of the Dungeon)
 c - the +8 demon blade "Leech" {vamp, Harm Drain rN+}
   (You found it on level 5 of the Lair of Beasts)

   It heals its wielder for a portion of the damage dealt every time it strikes
   a living foe.
   rN:        It protects you from negative energy.
   Drain:     It drains your maximum health when unequipped.
   Harm:      It increases damage dealt and taken.
 t - a +2 morningstar of freezing
   (You found it in an ice cave)
 v - a +2 short sword of holy wrath
   (You took it off a kobold brigand on level 7 of the Dungeon)
 w - a +2 trident of venom
   (You took it off a gnoll sergeant on level 7 of the Dungeon)
 A - a +0 war axe of freezing
   (You took it off an orc on level 8 of the Dungeon)
Missiles
 d - 3 throwing nets {!d}
 m - 15 poisoned darts
 s - 392 stones
 G - 7 boomerangs
Armour
 f - a +1 helmet (worn)
   (You found it on level 3 of the Dungeon)
 l - a +0 pair of gloves (worn)
   (You found it on level 3 of the Dungeon)
 n - a +2 ring mail of willpower
   (You took it off an orc on level 9 of the Dungeon)
 x - a +3 chain mail
   (You took it off a gnoll sergeant on level 7 of the Dungeon)
 y - a +1 cloak of cold resistance (worn)
   (You found it in an ice cave)
 z - a +0 pair of boots (worn)
   (You found it on level 8 of the Dungeon)
 D - a +2 tower shield
   (You found it on level 8 of the Dungeon)
 F - a +0 ring mail of cold resistance (worn)
   (You took it off a gnoll sergeant on level 9 of the Dungeon)
 M - a +8 chain mail
   (You took it off an orc on level 9 of the Dungeon)
 N - the +4 leather armour of Okhousaf {MP+9}
   (You found it on level 4 of the Lair of Beasts)

   MP:        It affects your magic capacity (+9).
 S - an orb of mayhem
   (You found it on level 4 of the Lair of Beasts)
 T - a +0 buckler (worn)
Magical Staves
 h - a staff of death {rN+}
   (You found it on level 3 of the Dungeon)
 k - a staff of conjuration
   (You found it on level 5 of the Dungeon)
 r - a staff of earth
   (You found it on level 8 of the Dungeon)
Jewellery
 g - an amulet of regeneration (around neck)
   (You found it on level 1 of the Dungeon)
 o - a +6 ring of strength
   (You found it on level 4 of the Dungeon)
 C - a ring of protection from cold (left hand) {rC+, !d}
   (You found it on level 2 of the Lair of Beasts)
 I - the ring "Joicoa" (right hand) {rPois Str+8 Int+6 Dex-4}
   (You bought it in a shop on level 3 of the Dungeon)

   [ring of intelligence]

   Str:       It affects your strength (+8).
   Int:       It affects your intelligence (+6).
   Dex:       It affects your dexterity (-4).
   rPois:     It protects you from poison.
 Q - an amulet of guardian spirit
   (You found it on level 2 of the Lair of Beasts)
Wands
 q - a wand of flame (35)
   (You took it off Terence on level 3 of the Dungeon)
Scrolls
 e - 3 scrolls of identify {@r1}
 i - 8 scrolls of amnesia
 u - 3 scrolls of fog
 E - a scroll of fear
 K - 2 scrolls of immolation {!r}
 O - 4 scrolls of silence
 V - 3 scrolls of vulnerability {!r!r}
 W - a scroll of holy word {!r}
 X - 2 scrolls of magic mapping {@r4!r}
 Y - 3 scrolls of teleportation {@r3}
 Z - a scroll of brand weapon
Potions
 j - 2 potions of cancellation
 B - 2 potions of brilliance
 J - 6 potions of curing {@q1}
 L - 3 potions of flight
 P - 5 potions of lignification {!q}
 R - 3 potions of resistance
 U - 3 potions of mutation {!q}
Miscellaneous
 p - a piece from Xom's chessboard (15/15)
   (You found it in a bailey)


   Skills:
 - Level 6.0 Fighting
 - Level 12.0(13.1) Short Blades
 * Level 8.7(11.5) Long Blades
 - Level 3.0 Axes
 - Level 8.0 Armour
 - Level 8.0 Dodging
 - Level 12.4 Stealth
 - Level 8.0 Shields
 - Level 8.0 Invocations


You had 13 spell levels left.
You didn't know any spells.
Your spell library contained the following spells:

 Spells                   Type           Power      Damage    Failure   Level
 Foxfire                  Conj/Fire      0%         2x1d4     36%         1
 Sandblast                Erth           0%         2d4       36%         1
 Corpse Rot               Necr/Air       0%         N/A       50%         2
 Passwall                 Tmut/Erth      0%         N/A       50%         2
 Poisonous Vapours        Pois/Air       0%         N/A       50%         2
 Conjure Flame            Conj/Fire      0%         6-21      73%         3
 Frozen Ramparts          Ice            0%         1d2       73%         3
 Inner Flame              Hex/Fire       0%         N/A       73%         3
 Stone Arrow              Conj/Erth      0%         3d7       73%         3
 Flame Wave               Conj/Fire      0%         2d4       98%         4
 Ice Form                 Ice/Tmut       0%         N/A       98%         4
 Summon Ice Beast         Ice/Summ       0%         N/A       98%         4
 Fireball                 Conj/Fire      0%         3d3       100%        5
 Iskenderun's Battlesphe  Conj           0%         2d6       100%        5
 Conjure Ball Lightning   Conj/Air       0%         3x3d6     100%        6
 Orb of Destruction       Conj           0%         9d5       100%        7
 Chain Lightning          Conj/Air       0%         N/A       100%        9
 Fire Storm               Conj/Fire      0%         5d1       100%        9
 Shatter                  Erth           0%         3d5*      100%        9


Dungeon Overview and Level Annotations

Branches:
Dungeon (9/15)             Temple (0/1) D:6            Lair (6/6) D:9
  Snake (0/4) Lair:2        Slime (0/5) Lair:6        Sewer (visited)
 Bailey (visited)           IceCv (1/1)
  Swamp: Lair:2-4    Shoals: Lair:2-4       Orc: D:9-12

Altars:
Fedhas
Gozag
Hepliaklqana
Nemelex Xobeh
Qazlal
Uskayaw
Vehumet
Wu Jian
Xom
Yredelemnul

Shops:
D:3 *

Annotations:
D:3 1 runed translucent door, Juicyj's ghost, amateur MiGl
Lair:1 1 runed translucent door, logorrheac's ghost, journeyman GrEE
Lair:3 1 runed translucent door, exclusions: bullfrog and hydra, Fannar; Sonja
Lair:6 exclusion: oklob plant, Kirke


Message History

You can no longer pass through a line of other dancers.
You regained 2 hp, and now have 95/100 hp.
A white imp comes into view.
The white imp shouts!
Unknown command.
Health restored: 100 A reaper comes into view.
It is wielding a +1 scythe of freezing and wearing a +2 robe of cold resistance.
The white imp gestures at you.
The puff of frost hits you but does no damage.
You resist.
The reaper moves out of view.
The white imp closely misses you.
You hit the white imp. You closely miss the white imp.
The white imp hits you but does no damage.
You puncture the white imp!
You kill the white imp!
You start waiting.
A troll simulacrum is nearby!
You hit the troll simulacrum.
Lightning courses through the troll simulacrum!
The troll simulacrum bites you! The troll simulacrum freezes you. You resist.
The troll simulacrum closely misses you. x2
You take 10 damage, and have 90/100 hp.
You hit the troll simulacrum.
Lightning courses through the troll simulacrum!!
You hit the ice devil but do no damage. You hit the ice devil but do no damage.
You block the ice devil's attack.
You closely miss the ice devil.
The ufetubus shouts!
You hit the ice devil but do no damage.
The ice devil hits you but does no damage.
You hit the ice devil but do no damage.
Lightning courses through the ice devil!
You hit the ice devil but do no damage. You block the ice devil's attack.
You closely miss the ice devil. You hit the ice devil.
The ice devil hits you but does no damage.
You can now pass through a line of other dancers.
You hit the ice devil. You hit the ice devil but do no damage.
The ice devil closely misses you.
You hit the ice devil but do no damage.
You are engulfed in freezing vapours.
You resist.
You take 3 damage, and have 94/100 hp.
You hit the ice devil but do no damage.
You are engulfed in freezing vapours.
You resist.
The ice devil hits you but does no damage.
The ufetubus closely misses you. x2
You take 1 damage, and have 93/100 hp.
You hit the ice devil but do no damage.
You are engulfed in freezing vapours.
You resist. You block the ufetubus's attack. x2
You take 1 damage, and have 92/100 hp.
You hit the ice devil but do no damage.
You are engulfed in freezing vapours.
You resist.
The reaper smiles without lips.
You block the ice devil's attack. The ice devil attacks as you move away!
The ice devil hits you but does no damage.
The ufetubus attacks as you move away!
The ufetubus hits you but does no damage.
The ufetubus closely misses you.
You hit the ice devil but do no damage.
The ufetubus hits you but does no damage.
The ufetubus misses you.
You can no longer pass through a line of other dancers.
You hit the ice devil but do no damage. The ice devil hits you.
The ice devil freezes you. You resist. You block the ufetubus's attack.
The ufetubus hits you.
You take 7 damage, and have 86/100 hp.
You hit the ice devil but do no damage. The ice devil hits you.
The ice devil freezes you. You resist.
You take 6 damage, and have 80/100 hp.
You hit the ice devil but do no damage.
Lightning courses through the ice devil!
The ufetubus misses you. The ufetubus hits you.
You take 4 damage, and have 76/100 hp.
Unknown command.
You feel yourself speed up. You block the ufetubus's attack.
The ufetubus completely misses you.
The reaper hits you from afar with a +1 scythe of freezing!!
You block the ice devil's attack. The ufetubus closely misses you.
The ufetubus barely misses you.
You take 24 damage, and have 52/100 hp.
MASSIVE DAMAGE!!
You puncture the ice devil!
Lightning courses through the ice devil!
You kill the ice devil!
You can now pass through a line of other dancers.
You hit the ufetubus.
The reaper hits you from afar with a +1 scythe of freezing!!
* * * LOW HITPOINT WARNING * * *
The reaper freezes you.
* * * LOW HITPOINT WARNING * * *
The ufetubus closely misses you. The ufetubus misses you.
You take 31 damage, and have 22/100 hp.
MASSIVE DAMAGE!!
You barely miss the ufetubus. You barely miss the ufetubus.
The ufetubus closely misses you.
The ufetubus hits you but does no damage.
The reaper hits you from afar with a +1 scythe of freezing!!!
You die...

# ....#.....#### # ####
Z5.#4....#..### #
#...###..#..###.....## #
.......°§#.°.........## #
Z.§...##.§..5°##.......#
####.§§.###§○☼.○.##.......##
§§#§☼§§.#§.○§....#.......##
§§§☼# ...##§.####......##
##.## ..##.2☼@.....### ####
#......○5...### #.###
###.........##
....####≈≈≈######...###
......###≈≈≈# ###...##
........##.#########...##
....#.........##...##...##
...###.#...........[###..#
..## ######..##.....##...#


You could see a reaper and an ufetubus.

Vanquished Creatures
  4 hydras
  14 death yaks
  A two-headed ogre (D:8)
  A shadow wraith (Abyss:2)
  A worldbinder (Abyss:2)
  5 elephants (Lair:3)
  5 black mambas
  2 ice statues (IceCv)
  A gargoyle (D:5)
  A smoke demon (Abyss:2)
  10 cane toads
  4 rime drakes
  5 komodo dragons
  An entropy weaver simulacrum (IceCv)
  6 ice devils (IceCv)
  3 ancient zymes (Abyss:2)
  A freezing wraith (IceCv)
  A hornet (D:7)
  Grinder (D:3)
  A tyrant leech (Lair:3)
  15 blink frogs
  31 yaks
  4 wyverns
  2 basilisks (Lair:2)
  2 steam dragons
  A death yak simulacrum (IceCv)
  4 nagas (Lair:2)
  11 water moccasins
  3 orc warriors
  2 ice beasts (D:4)
  6 black bears
  An ogre (D:6)
  2 centaurs
  32 wolves
  5 phantoms
  7 kobold brigands
  17 bullfrogs
  4 scorpions
  2 cane toad simulacra (IceCv)
  A necrophage (D:6)
  2 two-headed ogre simulacra (IceCv)
  12 gnoll sergeants
  3 killer bees (D:8)
  An elephant simulacrum (IceCv)
  3 electric eels
  2 howler monkeys
  A quasit (Abyss:2)
  2 jellies
  5 hounds
  4 orc priests
  6 gnoll shamans (Bailey)
  Terence (D:3)
  An iguana (D:5)
  5 orc wizards
  2 hell rats (D:9)
  3 troll simulacra (IceCv)
  2 polar bear simulacra (IceCv)
  18 gnolls
  13 adders
  2 naga simulacra (IceCv)
  3 river rats (Sewer)
  A shadow imp (D:7)
  6 white imps
  An ufetubus (D:6)
  3 worms
  3 dart slugs
  27 orcs
  16 ball pythons
  6 endoplasms
  6 giant cockroaches
  3 goblins
  8 hobgoblins
  18 jackals
  27 kobolds
  7 quokkas
  7 bats
  5 frilled lizards
  5 rats
460 creatures vanquished.

Vanquished Creatures (collateral kills)
  A black mamba (Lair:2)
  2 yaks (Lair:2)
  5 wolves (Lair:2)
8 creatures vanquished.

Vanquished Creatures (others)
  2 kobolds (D:7)
  35 fungi
  35 plants
72 creatures vanquished.

Grand Total: 540 creatures vanquished

Notes
Turn   | Place    | Note
-------+----------+-------------------------------------------
     0 | D:1      | sokol815 the Human Fighter began the quest for the Orb.
     0 | D:1      | Reached XP level 1. HP: 18/18 MP: 1/1
     2 | D:1      | Noticed a naga
     2 | D:1      | Noticed a vine stalker
     4 | D:1      | Noticed a demigod
     6 | D:1      | Noticed an elf
     8 | D:1      | Noticed a dwarf
    10 | D:1      | Noticed an octopode
    12 | D:1      | Noticed a minotaur
    14 | D:1      | Noticed an ogre
    14 | D:1      | Noticed a ghoul
    16 | D:1      | Noticed a troll
    16 | D:1      | Noticed a draconian
    18 | D:1      | Noticed a spriggan
    18 | D:1      | Noticed a gargoyle
    20 | D:1      | Noticed a human
    20 | D:1      | Noticed a tengu
    22 | D:1      | Noticed a merfolk
    22 | D:1      | Noticed a formicid
    24 | D:1      | Noticed a demonspawn
    24 | D:1      | Noticed a vampire
    26 | D:1      | Noticed a felid
   114 | D:1      | Reached XP level 2. HP: 24/24 MP: 2/2
   356 | D:1      | Reached skill level 3 in Axes
   468 | D:1      | Reached XP level 3. HP: 28/29 MP: 3/3
   503 | D:1      | Found a faded altar of an unknown god.
   525 | D:1      | Reached skill level 1 in Stealth
   528 | D:1      | Prayed at the altar of an unknown god.
   528 | D:1      | Became a worshipper of Uskayaw the Reveller
   528 | D:1      | Reached * piety under Uskayaw
   967 | D:1      | Reached skill level 1 in Short Blades
   967 | D:1      | Reached ** piety under Uskayaw
  1103 | D:2      | Reached *** piety under Uskayaw
  1111 | D:2      | Reached **** piety under Uskayaw
  1133 | D:2      | Reached XP level 4. HP: 28/35 MP: 4/4
  1223 | D:2      | Reached skill level 2 in Stealth
  1496 | D:2      | Reached skill level 2 in Short Blades
  1523 | D:3      | Found Ywoxuck's General Store.
  1526 | D:3      | Found a runed translucent door.
  1526 | D:3      | Noticed a bullfrog
  1527 | D:3      | Noticed a phantom
  1537 | D:2      | Killed a bullfrog
  1538 | D:2      | Reached skill level 3 in Stealth
  1538 | D:2      | Reached XP level 5. HP: 30/41 MP: 5/5
  1544 | D:3      | Killed a phantom
  1545 | D:3      | Reached skill level 3 in Short Blades
  1545 | D:3      | Reached XP level 6. HP: 42/47 MP: 6/6
  1550 | D:3      | Reached skill level 4 in Short Blades
  1561 | D:3      | Noticed Juicyj's ghost (amateur MiGl)
  1633 | D:3      | Found a glowing drain.
  1636 | D:3      | Noticed Terence
  1655 | D:3      | Killed Terence
  1677 | Sewer    | Entered a sewer
  1903 | Sewer    | Reached skill level 5 in Short Blades
  2284 | D:3      | Reached XP level 7. HP: 50/52 MP: 7/7
  2390 | D:3      | Noticed Grinder
  2404 | D:3      | Killed Grinder
  2405 | D:3      | Reached skill level 6 in Short Blades
  2485 | D:3      | You fall into a shaft and drop 1 floor!
  2499 | D:4      | Reached skill level 7 in Short Blades
  2561 | D:3      | Found an opulent altar of Gozag.
  2603 | D:3      | Found a hazy altar of Hepliaklqana.
  2681 | D:3      | Found an ornate altar of the Wu Jian Council.
  2842 | D:4      | Found a blossoming altar of Fedhas.
  2949 | D:4      | Reached XP level 8. HP: 58/58 MP: 8/8
  3042 | D:4      | Reached ***** piety under Uskayaw
  3044 | D:4      | Reached skill level 8 in Short Blades
  3244 | D:4      | Reached skill level 9 in Short Blades
  3337 | D:5      | Entered Level 5 of the Dungeon
  3361 | D:5      | Noticed a gargoyle
  3372 | D:5      | Killed a gargoyle
  3373 | D:5      | Reached skill level 10 in Short Blades
  3373 | D:5      | Reached XP level 9. HP: 39/63 MP: 9/9
  3780 | D:5      | Found a stormy altar of Qazlal.
  4429 | D:5      | Reached skill level 11 in Short Blades
  4729 | D:6      | Found a staircase to the Ecumenical Temple.
  5061 | D:6      | Reached skill level 12 in Short Blades
  5301 | D:6      | Reached skill level 1 in Invocations
  5442 | D:7      | Reached XP level 10. HP: 58/70 MP: 9/11
  5450 | D:7      | Reached skill level 4 in Stealth
  5513 | D:7      | Reached skill level 2 in Invocations
  5544 | D:7      | Paralysed by a hornet for 1 turns
  5552 | D:7      | Reached skill level 5 in Stealth
  5715 | D:7      | Reached skill level 3 in Invocations
  5781 | D:7      | Reached skill level 6 in Stealth
  5910 | D:7      | Found a radiant altar of Vehumet.
  5976 | D:7      | Reached skill level 4 in Invocations
  6332 | D:8      | Reached skill level 7 in Stealth
  6525 | D:8      | Noticed a two-headed ogre
  6553 | D:8      | HP: 9/70 [two-headed ogre/+0 giant club (22)]
  6555 | D:8      | Killed a two-headed ogre
  6556 | D:8      | Reached skill level 1 in Dodging
  6698 | D:8      | Reached skill level 8 in Stealth
  6818 | D:8      | Reached skill level 5 in Invocations
  7026 | D:9      | Reached XP level 11. HP: 67/75 MP: 14/14
  7065 | D:9      | Found a flagged portal.
  7071 | D:9      | Reached skill level 2 in Dodging
  7082 | Bailey   | Entered a bailey
  7263 | Bailey   | Reached skill level 4 in Armour
  7263 | Bailey   | Reached skill level 4 in Shields
  7640 | Bailey   | Reached skill level 3 in Dodging
  7836 | Bailey   | Reached skill level 6 in Invocations
  8006 | D:9      | Reached skill level 5 in Armour
  8082 | D:9      | Noticed a death yak
  8082 | D:9      | Noticed a death yak
  8120 | D:8      | Killed a death yak
  8121 | D:8      | Reached skill level 4 in Dodging
  8121 | D:8      | Reached skill level 5 in Shields
  8288 | D:3      | Bought the ring "Joicoa" {rPois Str+8 Int+6 Dex-4} for 937
                  | gold pieces
  8425 | D:9      | Noticed a death yak
  8455 | D:8      | Killed a death yak
  8525 | D:8      | Killed a death yak
  8811 | D:9      | Found a staircase to the Lair.
  8812 | D:9      | Found a basalt altar of Yredelemnul.
  9205 | Lair:1   | Entered Level 1 of the Lair of Beasts
  9224 | Lair:1   | Reached skill level 6 in Armour
  9224 | Lair:1   | Reached skill level 6 in Shields
  9303 | Lair:1   | Reached skill level 5 in Dodging
  9372 | Lair:1   | Found a sparkling altar of Nemelex Xobeh.
  9425 | Lair:1   | Reached XP level 12. HP: 51/81 MP: 16/16
  9463 | Lair:1   | Found a runed translucent door.
  9464 | Lair:1   | Found a shimmering altar of Xom.
  9464 | Lair:1   | Noticed logorrheac's ghost (journeyman GrEE)
  9464 | Lair:1   | Noticed a +3 mace of chaos
  9532 | Lair:1   | Noticed a six-headed hydra
  9563 | Lair:1   | Killed a six-headed hydra
  9804 | Lair:1   | You fall into a shaft and drop 1 floor!
  9815 | Lair:2   | Reached skill level 9 in Stealth
  9822 | Lair:2   | Reached skill level 6 in Dodging
  9864 | Lair:2   | Reached skill level 7 in Armour
  9877 | Lair:2   | Reached skill level 7 in Shields
  9997 | Lair:2   | Noticed a five-headed hydra
 10022 | Lair:2   | Killed a five-headed hydra
 10133 | Lair:2   | Reached skill level 10 in Stealth
 10405 | Lair:2   | Found a staircase to the Snake Pit.
 10758 | Lair:1   | Reached skill level 4 in Fighting
 10776 | Lair:1   | Reached XP level 13. HP: 71/88 MP: 17/17
 10781 | Lair:1   | Reached ****** piety under Uskayaw
 10802 | Lair:1   | Reached skill level 7 in Dodging
 11290 | Lair:2   | Reached skill level 8 in Armour
 11290 | Lair:2   | Reached skill level 11 in Stealth
 11362 | Lair:3   | Found a runed translucent door.
 11437 | Lair:3   | Reached skill level 8 in Shields
 11448 | Lair:3   | Found the +8 whip "Snakebite" {venom, curare, rPois}
 11584 | Lair:3   | Reached skill level 5 in Fighting
 11711 | Lair:3   | Noticed Sonja
 11721 | Lair:3   | Cast into level 2 of the Abyss (Sonja)
 11793 | Abyss:2  | Noticed a green very ugly thing
 11793 | Abyss:2  | Noticed an ironbound thunderhulk
 11793 | Abyss:2  | Noticed a purple very ugly thing
 11947 | Abyss:2  | Noticed a green death
 11963 | Abyss:2  | HP: 9/91 [green death (14)]
 12180 | Lair:3   | Escaped the Abyss
 12185 | Lair:3   | Noticed Fannar
 12414 | Lair:3   | Noticed an eight-headed hydra
 12507 | Lair:4   | Noticed a six-headed hydra
 12510 | Lair:4   | HP: 19/91 [death yak (15)]
 12662 | Lair:4   | Identified the +4 leather armour of Okhousaf {MP+9}
 12728 | Lair:4   | Reached skill level 12 in Stealth
 12728 | Lair:4   | Reached skill level 7 in Invocations
 12899 | Lair:4   | Killed a six-headed hydra
 13536 | Lair:5   | Reached skill level 8 in Dodging
 13652 | Lair:5   | Reached skill level 6 in Fighting
 13746 | Lair:5   | Found the +8 demon blade "Leech" {vamp, Harm Drain rN+}
 13874 | Lair:5   | Reached skill level 1 in Long Blades
 13874 | Lair:5   | Reached skill level 8 in Invocations
 13992 | Lair:5   | Reached XP level 14. HP: 46/100 MP: 20/20
 14199 | Lair:5   | Reached skill level 2 in Long Blades
 14225 | Lair:5   | Reached skill level 3 in Long Blades
 14239 | Lair:5   | HP: 22/100 [death yak (23)]
 14380 | Lair:5   | Reached skill level 4 in Long Blades
 14628 | Lair:6   | Entered Level 6 of the Lair of Beasts
 14653 | Lair:5   | Reached skill level 5 in Long Blades
 14678 | Lair:6   | Noticed Kirke
 14723 | Lair:6   | Found a staircase to the Slime Pits.
 14788 | Lair:6   | Reached skill level 6 in Long Blades
 14804 | Lair:6   | Reached skill level 7 in Long Blades
 14864 | Lair:6   | Found a frozen archway.
 14916 | IceCv    | Entered an ice cave
 15056 | IceCv    | Reached skill level 8 in Long Blades
 15637 | IceCv    | Noticed a reaper
 15679 | IceCv    | HP: 23/100 [reaper/+1 scythe of freezing (30)]
 15681 | IceCv    | Annihilated by a reaper

Illustrated notes

Levels and vault maps discovered:
D:1:      kb_arrival_jail, layout_loops_corners,
          nicolae_ecumenical_snake_handling, hex_tiny
D:2:      layout_rooms
D:3:      layout_rooms, mainiacjoe_overflow_six_doors_small,
          pdpol_wu_jian_five_deadly_venoms, nicolae_gozag_seed_capital,
          gup_sewer_entry_glass, ebering_ghost_sewer_d, serial_shops, shop,
          uniq_terence, uniq_grinder
D:4:      layout_basic, kennysheep_mini_moat, kennysheep_flooded_box
D:5:      layout_layer_cave, grunt_qazlal_clouds
D:6:      layout_loops_ring, minmay_temple_entry_arrows
D:7:      layout_basic, fiery_altar_vehumet, nicolae_lava_and_water
D:8:      layout_basic
D:9:      layout_irregular_city, lemuel_crystal_altar, dpeg_lair_monsters,
          enter_bailey_2
Lair:1:   beast_lair_carwin_large_4, layout_gridlike, basic_altar,
          ebering_ghost_xom
Lair:2:   layout_roguey, minmay_snake_entry_guardpost_large
Lair:3:   gammafunk_indiana_jones, layout_gridlike, minmay_swamp_entry_worms,
          uniq_sonja, uniq_fannar
Lair:4:   layout_hall_layers, lemuel_fruit_tree
Lair:5:   layout_cave_pods, beast_lair_carwin_4, grunt_megastairs_4,
          infiniplex_staircase_pool
Lair:6:   minmay_lair_end_enchanted_forest, layout_layer_cave,
          minmay_slime_entry_oklob_open, portal_ice_cave_rime,
          infiniplex_staircase_pool_2, uniq_kirke
IceCv:    ice_cave_small_demon

Skill      XL: |  1  2  3  4  5  6  7  8  9 10 11 12 13 14 |
---------------+-------------------------------------------+-----
Axes           | 3 |  3.0
Stealth        | 1 3 8 10 12 | 12.4
Short Blades   | 1 2 3 5 7 10 12 | 12.0
Invocations    | 1 5 6 8 |  8.0
Dodging        | 1 5 6 8 |  8.0
Armour         | 6 7 8 |  8.0
Shields        | 6 7 8 |  8.0
Fighting       | 4 6 |  6.0
Long Blades    | 1 8 |  8.7

Action                   |  1- 3 |  4- 6 |  7- 9 | 10-12 | 13-15 || total
-------------------------+-------+-------+-------+-------+-------++-------
Melee: War axe           |    36 |       |       |       |     6 ||    42
       Short sword       |    68 |   164 |   295 |   939 |  1008 ||  2474
       Demon blade       |       |       |       |       |    28 ||    28
Throw: Stone             |     1 |       |       |     6 |       ||     7
       Dart              |       |       |       |    73 |    10 ||    83
       Throwing net      |       |       |       |       |     4 ||     4
Invok: Stomp             |       |       |       |     3 |       ||     3
       Line Pass         |       |       |       |     1 |       ||     1
       Grand Finale      |       |       |       |       |     1 ||     1
Evoke: Wand              |       |       |     3 |     5 |     5 ||    13
       Piece from Xom's  |       |       |       |     2 |       ||     2
  Use: Scroll            |     1 |     6 |    12 |    10 |    11 ||    40
       Potion            |       |     2 |     1 |    10 |     4 ||    17
 Stab: Paralysed         |     1 |     2 |     8 |    37 |    31 ||    79
       Confused          |       |       |       |     1 |       ||     1
       Sleeping          |       |       |       |       |    11 ||    11
       Distracted        |       |       |       |       |     1 ||     1
Armor: Scale mail        |    46 |    87 |    83 |    15 |       ||   231
       Chain mail        |       |       |       |   330 |    75 ||   405
       Ring mail         |       |       |       |     6 |   210 ||   216
       Leather armour    |       |       |       |       |     1 ||     1
Dodge: Dodged            |    40 |    74 |    68 |   255 |   299 ||   736
Block: Buckler           |    25 |    45 |    41 |   133 |   129 ||   373
       Tower shield      |       |       |       |    91 |       ||    91

Table legend: (Time is in decaauts)
 A = Elapsed time spent in this place.
 B = Non-inter-level travel time spent in this place.
 C = Inter-level travel time spent in this place.
 D = Time resting spent in this place.
 E = Time spent auto-exploring this place.
 F = Levels seen in this place.
 G = Mean time per level.
                   A        B        C        D        E       F      G
               +--------+--------+--------+--------+--------+-----+--------+
         Total |  14825 |  14033 |    792 |   1151 |   8300 |  19 |  780.3 |
       Dungeon |   7479 |   6857 |    622 |    158 |   4999 |   9 |  831.0 |
          Lair |   4845 |   4675 |    170 |    595 |   2595 |   6 |  807.5 |
         Abyss |    420 |    420 |      0 |    137 |     34 |   1 |  420.0 |
         Sewer |    736 |    736 |      0 |      0 |    441 |   1 |  736.0 |
        Bailey |    778 |    778 |      0 |     79 |    196 |   1 |  778.0 |
      Ice Cave |    564 |    564 |      0 |    180 |     35 |   1 |  564.0 |
               +--------+--------+--------+--------+--------+-----+--------+

Top non-repeatable levels by time:
     D:5: 1265 daAuts
  Lair:2: 1079 daAuts
  Lair:5: 1074 daAuts
     D:1: 1066 daAuts
  Lair:4: 978 daAuts
     D:8: 972 daAuts
  Lair:1: 915 daAuts
     D:9: 908 daAuts
  Bailey: 778 daAuts
     D:6: 763 daAuts
   Sewer: 736 daAuts
     D:7: 735 daAuts
     D:3: 667 daAuts
  Lair:3: 614 daAuts
     D:4: 610 daAuts

Table legend:
 A = Kills in this place as a percentage of kills in entire the game.
 B = Kills by you in this place as a percentage of kills by you in the entire game.
 C = Kills by friends in this place as a percentage of kills by friends in the entire game.
 D = Other kills in this place as a percentage of other kills in the entire game.
 E = Experience gained in this place as a percentage of experience gained in the entire game.
 F = Experience gained in this place divided by the number of levels of this place that you have seen.
                   A       B       C       D       E      F
               +-------+-------+-------+-------+-------+----------------------
         Total | 100.0 | 100.0 | 100.0 |   N/A | 100.0 | 3206.0
       Dungeon |  46.2 |  47.0 |   0.0 |   N/A |  17.9 | 1214.8
          Lair |  32.5 |  31.3 | 100.0 |   N/A |  70.6 | 7171.2
         Abyss |   1.5 |   1.5 |   0.0 |   N/A |   0.0 |   0.0
         Sewer |   6.0 |   6.1 |   0.0 |   N/A |   0.2 | 126.0
        Bailey |   8.1 |   8.3 |   0.0 |   N/A |   3.9 | 2382.0
      Ice Cave |   5.8 |   5.9 |   0.0 |   N/A |   7.3 | 4446.0
               +-------+-------+-------+-------+-------+----------------------
